Unix NetHack Version 3.7.0-88 Work-in-progress - last build Aug 6 2023 13:40:22 (5c9c4c7fffe0d5f0a8b1342c2a36a56ed743986a,branch:master). Game began 2023-08-09 01:15:36, ended 2023-08-09 09:41:41. Arasaka, neutral male gnomish Archeologist ------- -----..|..| |.........---------------- |...|...-................| |.---.-..*..------------|| |.......)|.-- |.........| |%----..--.| |.....0...| |...*...|..| |.........| |0........-| |.........| |..|...|...| |....-------- |.........| ---- ----------- Arasaka the Investigator St:15 Dx:10 Co:16 In:19 Wi:12 Ch:7 Neutral Dlvl:7 $:133 HP:0(65) Pw:38(38) AC:-3 Xp:9/4103 T:8703 Latest messages: Where do you want to travel to? (For instructions type a '?') You see here 28 rocks. Where do you want to travel to? (For instructions type a '?') You start digging. This wall is too hard to dig into. You are carrying too much to get through. You continue digging. This wall is too hard to dig into. With great effort you move the boulder. The boulder falls into and plugs a hole in the floor! What do you want to wield? [- aqF or ?*] a - a blessed silver saber named Grayswandir (weapon in hand). You begin two-weapon combat. This door is locked. Unlock it with your key? [ynq] (q) You succeed in unlocking the door. The door opens. You hit the ettin zombie! You hit the ettin zombie. You hit the troll! You miss the troll. You hit the troll. You hit the troll. The ettin zombie hits! The ettin zombie hits again! The ettin zombie knocks you back with a powerful blow! Ouch! The troll hits! The troll hits! The troll bites! You hit the troll! You miss the troll. The ettin zombie hits! The ettin zombie hits again! The troll hits! The troll hits! The troll bites! You hit the troll! You hit the troll. The troll hits! The troll hits! The troll misses! You hit the troll. You miss the troll. The troll hits! The troll hits! The troll bites! You die... Inventory: Coins ('$') $ - 133 gold pieces Weapons (')') a - the blessed +1 Grayswandir (wielded in right hand) F - an uncursed +0 scimitar (wielded in left hand) Armor ('[') P - an uncursed +0 pair of gauntlets of dexterity (being worn) N - an uncursed +0 pair of speed boots (being worn) t - a blessed greased +2 gray dragon scale mail (being worn) Comestibles ('%') j - 2 uncursed food rations i - an uncursed fortune cookie L - an uncursed lizard corpse named tricebane Scrolls ('?') l - an uncursed scroll of create monster Wands ('/') m - an uncursed wand of make invisible (0:4) Tools ('(') z - an uncursed sack containing 23 items y - an uncursed blindfold n - an uncursed expensive camera (0:75) k - an uncursed oil lamp q - an uncursed +0 pick-axe S - an uncursed skeleton key f - an uncursed tinning kit (0:98) Gems/Stones ('*') x - an uncursed luckstone g - an uncursed touchstone Contents of the sack: 4489 gold pieces an uncursed C-ration an uncursed food ration 5 uncursed food rations an uncursed K-ration an uncursed lembas wafer 2 uncursed tripe rations an uncursed tripe ration a cursed scroll of identify a blessed scroll of remove curse an uncursed scroll of teleportation an uncursed ring of polymorph control an uncursed ring of searching an uncursed wand of cold (0:4) an uncursed wand of create monster (0:9) an uncursed wand of fire (0:1) an uncursed wand of undead turning (0:6) an uncursed wand of wishing (1:0) 2 uncursed citrine stones an uncursed diamond 3 uncursed emeralds 2 uncursed garnet stones an uncursed ruby Arasaka the Archeologist's attributes: Background: You were an Investigator, a level 9 male gnomish Archeologist. You were neutral, on a mission for Camaxtli who was opposed by Quetzalcoatl (lawful) and Huhetotl (chaotic). You were in Sokoban, on level 7. You entered the dungeon 8703 turns ago. You had 4103 experience points, 1017 more were needed to attain level 10. Basics: You had 0 out of 65 hit points. You had all 38 energy points (spell power). Your armor class was -3. Your wallet contained 133 zorkmids, and you had 4489 more stashed away in your pack. Autopickup was on for '$"?' plus thrown, with exceptions. Final Characteristics: Your strength was 15 (limit:18/50). Your dexterity was 10 (limit:18). Your constitution was 16 (limit:18). Your intelligence was 19 (limit:19). Your wisdom was 12 (limit:18). Your charisma was 7 (limit:18). Final Status: You were not hungry. You were unencumbered. You were wielding two weapons at once. Your skill in saber was limited by being basic with two weapons. Final Attributes: You were piously aligned. You were magic-protected. You were sleep resistant. You were poison resistant. You resisted hallucinations. You were telepathic. You had automatic searching. You had infravision. You were stealthy. You were very fast. You were very lucky. You had extra luck. Bad luck did not time out for you. Good luck did not time out for you. You are dead. Miscellaneous: You disabled loading of bones levels. Total elapsed playing time was 1 hour, 27 minutes and 51 seconds. Major events: Turn 1: Arasaka the neutral male gnomish Archeologist entered the dungeon 780: entered the Gnomish Mines 1154: attained the rank of Field Worker (level 3) 1216: made his first wish - "3 blessed charging", got "a scroll labeled MAPIRO MAHAMA DIROMAT" 1218: wished for "blessed greased +2 grey dragon scale mail", got "a greased gray dragon scale mail" 1280: made his first artifact wish - "blessed +2 grayswandir", got "a silver saber named Grayswandir" 2397: wished for "wand of fire", got "a long wand" 3622: attained the rank of Investigator (level 6) 3926: wished for "3 blessed scrolls of remove curse", got "3 scrolls labeled KERNOD WEL" 4266: reached Mine Town 5359: acquired the Mines' End luckstone 7186: entered Sokoban 7363: completed 1st Sokoban level 8050: was bestowed with Mjollnir by Camaxtli 8092: was bestowed with Ogresmasher by Camaxtli 8687: completed 2nd Sokoban level 8703: killed by a troll Vanquished creatures: a vampire leader a golden naga a vampire a sergeant 2 small mimics a xan an ettin mummy a freezing sphere 2 elf mummies a carnivorous ape 4 soldiers a giant beetle a wolf a lynx 3 leprechauns 2 giant spiders a scorpion an orc mummy a werewolf 3 Green-elves 4 lizards 3 jaguars a blue jelly a dust vortex 2 ravens a snake 3 water moccasins 2 rope golems a Woodland-elf a soldier ant 4 fire ants an imp 2 quasits a wood nymph a mountain nymph 4 Uruk-hai 2 orc shamans 2 rock piercers a rock mole a pony 3 yellow lights a violet fungus 2 gnome leaders 2 kobold mummies a golden naga hatchling an elf zombie 2 ghouls a straw golem 2 paper golems 5 giant ants 2 floating eyes 2 kittens 4 dwarves a kobold leader 4 hill orcs 8 rothes a centipede an orc zombie 7 dwarf zombies 5 iguanas 13 killer bees an acid blob 4 coyotes 2 gas spores 7 hobbits 2 large kobolds 3 hobgoblins 4 giant rats 10 cave spiders 2 brown molds a green mold 2 red molds 2 gnomes 6 gnome zombies 12 geckos 11 jackals 5 foxes 2 kobolds 4 goblins 17 grid bugs 3 bats 5 lichens 6 kobold zombies 11 newts 258 creatures vanquished. No species were genocided or became extinct. Voluntary challenges: You read items or engraved 21 times. You engraved Elbereth 1 time. You never genocided any monsters. You never polymorphed an object. You never changed form. You used 5 wishes (1 for an artifact). You violated the special Sokoban rules twice. Achievements: You entered a shop. You entered the Gnomish Mines. You attained the rank of Field Worker. You attained the rank of Investigator. You entered Minetown. You entered a temple. You completed the Gnomish Mines. You entered Sokoban. The Dungeons of Doom: levels 1 to 10 Level 1: Level 2: An armor shop, a sink. Stairs down to The Gnomish Mines. Level 3: Level 4: Level 5: A grave. Level 6: A fountain, a grave. Level 7: An altar to Camaxtli. Level 8: "s" Many fountains. Level 9: Some fountains. Stairs up to Sokoban, level 8. Level 10: The Gnomish Mines: levels 3 to 10 Level 3: Level 4: Level 5: Many shops, a temple, some fountains. Level 6: Level 7: Level 8: Level 9: Level 10: "books" A fountain. Sokoban: levels 8 up to 7 Level 7: <- You were here. Solved. Final resting place for you, killed by a troll. Level 8: Solved. Game over: ---------- / \ / REST \ / IN \ / PEACE \ / \ | Arasaka | | 4622 Au | | killed by a | | troll | | | | | | 2023 | *| * * * | * _________)/\\_//(\/(/\)/\//\/|_)_______ Goodbye Arasaka the Archeologist... You died in Sokoban on dungeon level 7 with 21478 points, and 4622 pieces of gold, after 8703 moves. You were level 9 with a maximum of 65 hit points when you died.